 Dungeon Crawl Stone Soup version 0.21.1-1-g345015f (webtiles) character file.

624 poirepourri the Skirmisher (level 7, -3/67 HPs)
             Began as a Minotaur Fighter on July 11, 2018.
             Slain by a gnoll
             ... wielding a +0 halberd
              (7 damage)
             ... on level 5 of the Dungeon.
             The game lasted 00:03:22 (3395 turns).

poirepourri the Skirmisher (Minotaur Fighter)       Turns: 3395, Time: 00:03:23

Health: -3/67      AC:  9    Str: 25    XL:     7   Next: 22%
Magic:  6/6        EV:  7    Int:  5    God:
Gold:   234        SH: 11    Dex: 12    Spells: 6/6 levels left

rFire    . . .     SeeInvis .   r - +3 war axe (freeze)
rCold    . . .     Gourm    +   c - +1 shield
rNeg     . . .     Faith    .   b - +0 scale mail
rPois    .         Spirit   .   (helmet restricted)
rElec    .         Reflect  .   (no cloak)
rCorr    +         Harm     .   f - +0 pair of gloves
MR       .....                  n - +0 pair of boots
Stlth    ..........             l - amulet of the gourmand
HPRegen  0.21/turn              i - ring of resist corrosion
MPRegen  0.10/turn              (no ring)

@: mighty
A: retaliatory headbutt, horns 2
a: no special abilities


You were on level 5 of the Dungeon.
You were not hungry.

You visited 1 branch of the dungeon, and saw 6 of its levels.

You collected 234 gold pieces.

Inventory:

Hand Weapons
 r - a +3 war axe of freezing (weapon)
Missiles
 p - 43 bolts
Armour
 b - a +0 scale mail (worn)
 c - a +1 shield (worn)
 f - a +0 pair of gloves (worn)
 n - a +0 pair of boots (worn)
Jewellery
 i - a ring of resist corrosion (left hand)
 l - an amulet of the gourmand (around neck)
Wands
 a - a wand of disintegration (9)
 g - a wand of acid (9)
 h - a wand of iceblast (10)
Potions
 d - 2 potions of might
 e - a potion of haste
 j - 2 potions of curing
 k - a potion of ambrosia {unknown}
 m - 3 potions of brilliance {unknown}
 t - 2 potions of flight {unknown}
Comestibles
 o - 2 rations


   Skills:
 + Level 7.6 Fighting
 - Level 7.0 Axes
 - Level 3.6 Armour
 - Level 3.6 Shields


You had 6 spell levels left.
You didn't know any spells.

Dungeon Overview and Level Annotations

Branches:
Dungeon (6/15)
 Temple: D:4-7

Altars:
Gozag
Vehumet


Innate Abilities, Weirdness & Mutations

You reflexively headbutt those who attack you in melee.
You have a pair of horns on your head.


Message History

You feel better. You block the gnoll's attack.
The gnoll hits you but does no damage.
You slash the ogre! You freeze the ogre.
You kill the ogre!
The gnoll closely misses you. You block the gnoll's attack.
The gnoll shaman calls upon its god to speed up the gnoll.
The gnoll seems to speed up.
You block the gnoll's attack. The gnoll barely misses you.
The gnoll hits you but does no damage.
You see here a gnoll corpse.
You feel very mighty all of a sudden. The gnoll barely misses you.
The gnoll hits you from afar with a halberd!
* * * LOW HITPOINT WARNING * * *
The gnoll hits you from afar with a halberd.
* * * LOW HITPOINT WARNING * * *
The gnoll hits you from afar with a halberd.
* * * LOW HITPOINT WARNING * * *
The gnoll hits you from afar with a halberd!
You die...

....# ....#
....#
....######
†..>.....#
.....###.#.###
...#.#
#.#.....
.#.#.#
#.#....g###
.#...# #.#
#..gg@# .#####
#.# #<#g#.#
..# #.# .. #†#
..#
#.#######.#
..#
#.........#
..#
########.##
..# #.# ..#
#.# ..# #.#


You could see a gnoll shaman and 3 gnolls.

Vanquished Creatures
  2 ogres (D:5)
  A crimson imp (D:6)
  An orc priest (D:6)
  Ijyb (D:3)
  An iguana (D:4)
  5 orc wizards
  A worker ant (D:4)
  2 gnolls (D:5)
  8 adders
  A shadow imp (D:4)
  An adder skeleton (D:5)
  3 worms
  A dart slug (D:3)
  4 leopard geckos
  9 orcs
  5 giant cockroaches
  5 goblins
  5 hobgoblins
  3 jackals (D:4)
  2 quokkas
  7 bats
  3 frilled lizards
  9 kobolds
  6 rats
86 creatures vanquished.

Notes
Turn   | Place    | Note
-------+----------+-------------------------------------------
     0 | D:1      | poirepourri the Minotaur Fighter began the quest for the Orb.
     0 | D:1      | Reached XP level 1. HP: 19/19 MP: 0/0
   465 | D:1      | Reached XP level 2. HP: 26/26 MP: 1/1
  1031 | D:2      | Reached XP level 3. HP: 17/31 MP: 2/2
  1532 | D:2      | Reached skill level 5 in Axes
  1591 | D:2      | Reached XP level 4. HP: 34/39 MP: 3/3
  1932 | D:3      | Noticed Ijyb
  1948 | D:3      | Killed Ijyb
  2222 | D:3      | Reached XP level 5. HP: 45/45 MP: 4/4
  2772 | D:4      | You fall through a shaft for 2 floors!
  2891 | D:6      | Found a radiant altar of Vehumet.
  2891 | D:6      | Found an opulent altar of Gozag.
  2916 | D:6      | Reached XP level 6. HP: 26/53 MP: 5/5
  2920 | D:6      | Reached skill level 5 in Fighting
  3054 | D:5      | Entered Level 5 of the Dungeon
  3272 | D:5      | Reached XP level 7. HP: 64/64 MP: 6/6
  3395 | D:5      | Slain by a gnoll

Skill      XL: |  1  2  3  4  5  6  7 |
---------------+----------------------+-----
Axes           | 3 4 5 6 7 |  7.0
Fighting       | 4 6 7 |  7.6
Armour         | |  3.6
Shields        | |  3.6

Action                   |  1- 3 |  4- 6 |  7- 9 || total
-------------------------+-------+-------+-------++-------
Melee: War axe           |    79 |   112 |    12 ||   203
       Headbutt          |     5 |    19 |     1 ||    25
  Use: Scroll            |     8 |     6 |     1 ||    15
       Potion            |       |       |     2 ||     2
  Eat: Ration            |     1 |     2 |       ||     3
Armor: Scale mail        |    66 |    77 |     2 ||   145
Dodge: Dodged            |    33 |    43 |     8 ||    84
Block: Shield            |    61 |    81 |    20 ||   162
